 Dungeon Sprint DCSS version 0.28-a0-8-g6e044cfa68 (webtiles) character file.

Game seed: 17759873613848204211

1456 howech the Cruncher (level 8, 0/75 HPs)
             Began as a Minotaur Gladiator on July 23, 2021.
             Was a High Priest of Trog.
             Succumbed to a swamp dragon's poison gas
             ... in the Dungeon (Sprint VII: "The Pits").
             The game lasted 00:04:51 (501 turns).

howech the Cruncher (Minotaur Gladiator)             Turns: 501, Time: 00:04:51

Health: 0/75       AC: 21    Str: 22    XL:     8   Next: 47%
Magic:  7/7        EV: 15    Int:  5    God:    Trog [*****.]
Gold:   0          SH:  0    Dex: 14    Spells: 7/7 levels left

rFire   . . .      SeeInvis .   m - +2 quarterstaff (protect)
rCold   . . .      Faith    .   (shield currently unavailable)
rNeg    . . .      Spirit   .   n - +3 chain mail
rPois   .          Reflect  .   c - +0 hat
rElec   .          Harm     .   (no cloak)
rCorr   .          Rampage  .   u - +0 pair of gloves
Will    +....      NoTele   +   (no boots)
Stlth   ..........              (no amulet)
HPRegen 1.22/turn               o - +3 ring of evasion
MPRegen 0.10/turn               p - +3 ring of strength

@: lethally poisoned (0 -> -28), weak-willed, strong-willed, under a protective
aura, regenerating
A: horns 2, retaliatory headbutt
a: Renounce Religion, Berserk, Trog's Hand, Brothers in Arms


You were in the Dungeon.
You worshipped Trog.
Trog was extremely pleased with you.
You visited 1 branch

Inventory:

Hand Weapons
 a - a +0 quarterstaff
 k - a +2 quarterstaff
 m - a +2 quarterstaff of protection (weapon)
 s - a +1 broad axe of venom
 t - a +0 lajatang
Armour
 b - a +0 leather armour
 c - a +0 hat (worn)
 n - a +3 chain mail (worn)
 u - a +0 pair of gloves (worn)
Jewellery
 o - a +3 ring of evasion (left hand)
 p - a +3 ring of strength (right hand)
Scrolls
 j - a scroll of blinking
Potions
 e - 8 potions of curing
 f - 6 potions of heal wounds
 g - 3 potions of haste
 h - 4 potions of magic
 i - 3 potions of berserk rage
 l - 2 potions of invisibility
 q - 2 potions of mutation
 r - 2 potions of might


   Skills:
 + Level 8.4 Fighting
 + Level 6.9 Axes
 * Level 12.5 Staves
 + Level 6.8 Throwing
 + Level 6.8 Armour
 + Level 9.5 Dodging
 + Level 5.1 Evocations


You had 7 spell levels left.
You didn't know any spells.
Your spell library was empty.

Dungeon Overview and Level Annotations

Branches:
Dungeon (1/1)

Altars:
Ashenzari
Cheibriados
Dithmenos
Elyvilon
Fedhas
Gozag
Hepliaklqana
Kikubaaqudgha
Makhleb
Nemelex Xobeh
Okawaru
Qazlal
Ru
Sif Muna
Trog
Uskayaw
Vehumet
Wu Jian
Xom
Yredelemnul
Zin
The Shining One
Beogh
Jiyva
Lugonu


Innate Abilities, Weirdness & Mutations

You have a pair of horns on your head.
You reflexively headbutt those who attack you in melee.


Message History

You hit the phantasmal warrior.
The phantasmal warrior is severely damaged.
The phantasmal warrior hits you but does no damage.
You hit the phantasmal warrior.
The phantasmal warrior is almost destroyed.
You sock the phantasmal warrior!
You destroy the phantasmal warrior!
Trog accepts your kill. Something appears at your feet!
You see here a +2 battleaxe.
Trog grants you a weapon!
Your Fighting skill increases to level 8!
Your Staves skill increases to level 12!
Your Evocations skill increases to level 5!
Unknown command.
Unknown command.
You feel much better. The swamp dragon barely misses you.
The swamp dragon claws you but does no damage.
The swamp dragon tramples you.
You stumble backwards!
Throw: throwing net
Press: ? - help, Q - select action, (/) - cycle Shift-Dir - straight line, f - swamp dragon
Aim: a swamp dragon (76% to hit, immune to nets)
You throw a throwing net.
The throwing net barely misses the swamp dragon.
The swamp dragon breathes poison at you.
The blast of poison engulfs you!
You are poisoned.
* * * LOW HITPOINT WARNING * * *
You sock the swamp dragon!
The swamp dragon is lightly wounded.
You are engulfed in poison gas.
You are more poisoned.
* * * LOW HITPOINT WARNING * * *
You feel very sick. The swamp dragon completely misses you.
You furiously retaliate!
You headbutt the swamp dragon. The swamp dragon barely misses you.
The swamp dragon closely misses you.
You are engulfed in poison gas.
You are lethally poisoned!
* * * LOW HITPOINT WARNING * * *
You die...

?(.')))'.##......#..#......
########.##................
..........'(.......§.......
#####'#####......#..#......
#..#.÷#.[##................
#..)..#.)#####'#####''#####
#..####))##....D☼○# ☼○#
#..#..#))##...○☼☼○# .§°.
#..#..#..##....☼@☼# .§...
##)#..#'###...§..☼# ..○§.#
#..).....##.......# ..D###
#........##.......# ..##
###########.......#
......#..##########
..#...#.###########
..#...#)#....#..[.#
##.##.#)#....#..[[#


You could see a swamp dragon.

Vanquished Creatures
  A phantasmal warrior (D)
  2 polar bears (D)
  Grinder (D)
  A floating eye (D)
  A black bear (D)
  A centaur (D)
  A crimson imp (D)
  An orc priest (D)
  An orc wizard (D)
  2 adders (D)
  A gnoll (D)
  A river rat (D)
  An adder skeleton (D)
  A worm (D)
  A bat zombie (D)
  A goblin (D)
  2 quokkas (D)
  2 frilled lizards (D)
  2 kobolds (D)
  A quokka skeleton (D)
  A rat (D)
26 creatures vanquished.

Notes
Turn   | Place    | Note
-------+----------+-------------------------------------------
     0 | D        | howech the Minotaur Gladiator began the quest for the Orb.
     0 | D        | Reached XP level 1. HP: 18/18 MP: 0/0
    29 | D        | Found a glowing golden altar of the Shining One.
    29 | D        | Found a glowing silver altar of Zin.
    29 | D        | Found a basalt altar of Yredelemnul.
    29 | D        | Found a shimmering altar of Xom.
    29 | D        | Found an ornate altar of the Wu Jian Council.
    29 | D        | Found a bloodstained altar of Trog.
    29 | D        | Found a shimmering blue altar of Sif Muna.
    29 | D        | Found a sacrificial altar of Ru.
    29 | D        | Found a stormy altar of Qazlal.
    29 | D        | Found an iron altar of Okawaru.
    29 | D        | Found a sparkling altar of Nemelex Xobeh.
    29 | D        | Found a burning altar of Makhleb.
    29 | D        | Found a viscous altar of Jiyva.
    29 | D        | Found a hazy altar of Hepliaklqana.
    29 | D        | Found an opulent altar of Gozag.
    29 | D        | Found a blossoming altar of Fedhas.
    29 | D        | Found a white marble altar of Elyvilon.
    29 | D        | Found a shadowy altar of Dithmenos.
    29 | D        | Found a snail-covered altar of Cheibriados.
    30 | D        | Found a radiant altar of Vehumet.
    30 | D        | Found a corrupted altar of Lugonu.
    32 | D        | Became a worshipper of Trog the Wrathful
    33 | D        | Found an ancient bone altar of Kikubaaqudgha.
    33 | D        | Found a hide-covered altar of Uskayaw.
    33 | D        | Found a broken altar of Ashenzari.
    48 | D        | Reached skill level 4 in Staves
    54 | D        | Noticed a floating eye
    57 | D        | Killed a floating eye
    57 | D        | Reached * piety under Trog
    58 | D        | Reached skill level 7 in Staves
    58 | D        | Reached XP level 2. HP: 24/28 MP: 1/1
    58 | D        | Reached XP level 3. HP: 29/34 MP: 2/2
    58 | D        | Reached XP level 4. HP: 35/41 MP: 3/3
    62 | D        | Reached skill level 8 in Staves
    72 | D        | Reached ** piety under Trog
    79 | D        | Reached skill level 1 in Axes
    79 | D        | Reached skill level 1 in Armour
   287 | D        | Reached *** piety under Trog
   289 | D        | Reached skill level 1 in Evocations
   289 | D        | Reached XP level 5. HP: 47/47 MP: 4/4
   290 | D        | Noticed a black bear
   292 | D        | Reached skill level 5 in Fighting
   304 | D        | Killed a black bear
   305 | D        | Reached skill level 9 in Staves
   305 | D        | Reached **** piety under Trog
   312 | D        | Reached XP level 6. HP: 50/57 MP: 5/5
   335 | D        | Reached ***** piety under Trog
   336 | D        | Reached skill level 10 in Staves
   336 | D        | Reached skill level 5 in Throwing
   346 | D        | Noticed Grinder
   346 | D        | Noticed a polar bear
   351 | D        | Noticed a polar bear
   355 | D        | Killed a polar bear
   356 | D        | Reached skill level 5 in Axes
   356 | D        | Reached skill level 5 in Armour
   356 | D        | Reached XP level 7. HP: 66/66 MP: 6/6
   364 | D        | Killed a polar bear
   365 | D        | Reached skill level 11 in Staves
   378 | D        | Killed Grinder
   379 | D        | Reached XP level 8. HP: 73/74 MP: 7/7
   476 | D        | Noticed a phantasmal warrior
   476 | D        | Noticed a swamp dragon
   497 | D        | Killed a phantasmal warrior
   497 | D        | Received a gift from Trog
   498 | D        | Reached skill level 12 in Staves
   498 | D        | Reached skill level 5 in Evocations
   501 | D        | Succumbed to a swamp dragon's poison gas

Illustrated notes

Levels and vault maps discovered:
D:        pitsprint [storerooms_1, entrance_room_1, metal_vault_4, armoury_2,
          mini_pit_1, grid_room_1, main_hall_1, silver_pit, the_coven_3,
          the_vestibule_1, steel_vault_4, golden_pit, hallway_of_sentries,
          crystal_vault_2, iron_vault_4, final_vault]

Skill      XL: |  1  2  3  4  5  6  7  8 |
---------------+-------------------------+-----
Staves         | 7 8 9 10 11 12 | 12.5
Fighting       | 4 5 7 8 |  8.4
Throwing       | 3 4 5 6 |  6.8
Dodging        | 6 7 8 9 |  9.5
Axes           | 1 3 5 6 |  6.9
Armour         | 1 3 5 6 |  6.8
Evocations     | 1 2 3 4 5 |  5.1

Action                   |  1- 3 |  4- 6 |  7- 9 || total
-------------------------+-------+-------+-------++-------
Melee: Quarterstaff      |     9 |    45 |    32 ||    86
       Headbutt          |     2 |     9 |     6 ||    17
Throw: Throwing net      |       |     1 |     3 ||     4
Invok: Trog's Hand       |       |     1 |     1 ||     2
  Use: Potion            |       |       |     2 ||     2
 Stab: Held in net/web   |       |     2 |     1 ||     3
Armor: Leather armour    |     1 |     3 |       ||     4
       Chain mail        |       |    13 |    10 ||    23
Dodge: Dodged            |     5 |    20 |    11 ||    36

Table legend: (Time is in decaauts)
 A = Elapsed time spent in this place.
 B = Non-inter-level travel time spent in this place.
 C = Inter-level travel time spent in this place.
 D = Time resting spent in this place.
 E = Time spent auto-exploring this place.
 F = Levels seen in this place.
 G = Mean time per level.
                   A        B        C        D        E       F      G
               +--------+--------+--------+--------+--------+-----+--------+
         Total |    484 |    440 |     44 |    142 |      0 |   1 |  484.0 |
       Dungeon |    484 |    440 |     44 |    142 |      0 |   1 |  484.0 |
               +--------+--------+--------+--------+--------+-----+--------+

Top non-repeatable levels by time:
       D: 484 daAuts
